 Dungeon Crawl Stone Soup version 0.30.0 (webtiles) character file.

Game seed: 14019899565518075586

3614 Kuronicle the Fighter (level 9, -7/112 HPs)
             Began as a Demonspawn Berserker on May 6, 2023.
             Was a Priest of Trog.
             Mangled by a sixfirhy (11 damage)
             ... summoned by a kobold demonologist
             ... on level 7 of the Dungeon.
             The game lasted 00:13:40 (5526 turns).

Kuronicle the Fighter (Demonspawn Berserker)        Turns: 5526, Time: 00:13:40

Health: -7/112     AC: 14    Str: 23    XL:     9   Next: 86%
Magic:  9/9        EV: 13    Int:  8    God:    Trog [***...]
Gold:   318        SH:  0    Dex: 12    Spells: 8/8 levels left

rFire   . . .        A - +6 great sword (freeze)
rCold   . . .        (shield currently unavailable)
rNeg    . . .        s - +0 plate armour
rPois   .            (no helmet)
rElec   .            y - +0 cloak
rCorr   .            z - +0 pair of gloves
SInv    .            (no boots)
Will    .....        m - amulet of magic regeneration Stlth
                     (no ring)
HPRegen 0.38/turn    (no ring)
MPRegen 0.51/turn

%: no passive effects
@: agile, berserking, silenced, very quick
A: powered by pain 2, spiny 2
a: Renounce Religion


You were on level 7 of the Dungeon.
You worshipped Trog.
Trog was most pleased with you.
You visited 2 branches of the dungeon, and saw 8 of its levels.

You collected 318 gold pieces.

Inventory:

Hand Weapons
 i - a +2 vampiric hand axe
 p - a +3 war axe
 A - a +6 great sword of freezing (weapon)
Armour
 s - a +0 plate armour (worn)
 y - a +0 cloak (worn)
 z - a +0 pair of gloves (worn)
Jewellery
 e - an amulet of faith
 m - an amulet of magic regeneration (around neck)
 B - a ring of poison resistance
Wands
 g - a wand of flame (56)
 v - a wand of paralysis (9)
 w - a wand of mindburst (8)
Scrolls
 a - a scroll of brand weapon {unknown}
 b - 2 scrolls of magic mapping {unknown}
 f - 4 scrolls of teleportation
 n - 3 scrolls of torment {unknown}
 o - a scroll of enchant armour {unknown}
 t - a scroll of fear {unknown}
 x - a scroll of fog
Potions
 c - a potion of berserk rage
 d - 5 potions of curing
 h - a potion of attraction {unknown}
 j - 2 potions of brilliance {unknown}
 k - a potion of lignification {unknown}
 l - 2 potions of haste {unknown}
 q - a potion of invisibility {unknown}
 C - a potion of heal wounds (quivered)


   Skills:
 - Level 8.5 Fighting
 * Level 7.2 Long Blades
 - Level 5.0 Axes
 - Level 4.2 Armour
 - Level 4.0 Dodging
 - Level 0.1 Stealth
 - Level 3.5 Unarmed Combat


You had 8 spell levels left.
You didn't know any spells.
Your spell library contained the following spells:

 Spells                   Type           Power      Damage    Failure   Level
 Cause Fear               Hex            0%         N/A       100%        4
 Dragon Form              Tmut           0%         N/A       100%        7
 Dragon's Call            Summ           0%         N/A       100%        9


Dungeon Overview and Level Annotations

Branches:
Dungeon (7/15)             Temple (1/1) D:4

Altars:
Ashenzari
Cheibriados
Dithmenos
Fedhas
Hepliaklqana
Kikubaaqudgha
Makhleb
Nemelex Xobeh
Okawaru
Qazlal
Ru
Trog
Uskayaw
Vehumet
Wu Jian
Xom
Yredelemnul


Innate Abilities, Weirdness & Mutations

You sometimes gain power by taking damage.
You are mostly covered in sharp spines.


Message History

* * * LOW HITPOINT WARNING * * *
The crimson imp blinks!
Unknown command.
You slice the kobold demonologist!! You freeze the kobold demonologist.
The kobold demonologist is severely wounded.
The orc warrior barely misses you. The kobold demonologist misses you.
The kobold demonologist is struck by your spines.
The kobold demonologist completely misses you.
The ynoxinul gestures.
You slash the kobold demonologist! You freeze the kobold demonologist.
You kill the kobold demonologist!
Trog accepts your kill.
Trog appreciates your killing of a magic user.
The orc warrior hits you but does no damage.
The kobold demonologist gestures.
The kobold demonologist hits you but does no damage.
Your Long Blades skill increases to level 6!
You slice the kobold demonologist like a ripe choko!!!
You freeze the kobold demonologist!
You kill the kobold demonologist!
Trog accepts your kill.
Trog appreciates your killing of a magic user.
The shadow imp disappears in a puff of smoke!
The crimson imp disappears in a puff of smoke!
The kobold demonologist is struck by your spines.
The kobold demonologist closely misses you.
Your Long Blades skill increases to level 7!
You closely miss the orc warrior.
The orc warrior is severely wounded.
The orc warrior is struck by your spines.
You kill the orc warrior!
Trog accepts your kill.
The kobold demonologist hits you with a +0 dagger.
* * * LOW HITPOINT WARNING * * *
You completely miss the kobold demonologist.
The kobold demonologist is lightly wounded.
The sixfirhy hits you!
* * * LOW HITPOINT WARNING * * *
The sixfirhy shocks you!
You die...

#..<.......#
+...<......# .#
###.........###.##
#.#.†...#........
#......## ......
#..##..###..##.#
#+###..###..#5.###.#
#.......##...35##..###
##..........KKoK@)...#
##...##.....K3)3##..#
#..####..._.55####.#
##...##.)....555##..#
#...................#
##.###..##.§...##....# #
#..###.###.§#..###.#.#.#
#.#....##§.###..##.#...#
#...##.....###.......###


You could see 2 kobold demonologists, a sixfirhy (summoned), 2 ynoxinuls, 2
kobold brigands, 2 crimson imps, an orc and 4 ufetubi.

Vanquished Creatures
  The ghost of thromnambular the Trooper, a novice OgHW of Okawaru (D:5)
  5 kobold demonologists (D:7)
  Grinder (D:3)
  Sigmund (D:4)
  An ice beast (D:7)
  A sky beast (D:7)
  An orc warrior (D:7)
  3 ogres
  A centaur (D:5)
  2 phantoms
  5 wights (D:6)
  2 howler monkeys (D:6)
  A hound (D:5)
  2 jellies (D:6)
  A gnoll bouda (D:5)
  2 iguanas
  An orc priest (D:5)
  Jessica (D:3)
  2 orc wizards
  5 adders
  3 gnolls (D:5)
  2 white imps (D:6)
  An ufetubus (D:5)
  3 dart slugs
  22 orcs
  5 ball pythons
  5 bats
  9 endoplasms
  3 giant cockroaches (D:2)
  2 goblins (D:2)
  5 hobgoblins
  6 jackals
  5 kobolds
  A quokka (D:3)
  4 frilled lizards (D:2)
  4 rats
119 creatures vanquished.

Notes
Turn   | Place    | Note
-------+----------+-------------------------------------------
     0 | D:1      | Kuronicle the Demonspawn Berserker began the quest for the
                  | Orb.
     0 | D:1      | Reached XP level 1. HP: 18/18 MP: 1/1
   185 | D:1      | Gained mutation: You are partially covered in sharp spines.
                  | [demonic ancestry]
   185 | D:1      | Reached XP level 2. HP: 21/24 MP: 2/2
   947 | D:2      | Reached XP level 3. HP: 28/29 MP: 3/3
  1195 | D:2      | Identified the +0 mace of the Establishment {holy, rPois
                  | rC+ Int+3 Stlth+}
  1288 | D:2      | Gained mutation: You sometimes gain a little power by
                  | taking damage. [demonic ancestry]
  1288 | D:2      | Reached XP level 4. HP: 27/35 MP: 4/4
  1289 | D:2      | Reached ** piety under Trog
  1894 | D:3      | Noticed Jessica
  1899 | D:3      | Killed Jessica
  1950 | D:3      | Noticed Grinder
  1959 | D:3      | Killed Grinder
  1960 | D:3      | Reached XP level 5. HP: 26/41 MP: 5/5
  1960 | D:3      | Gained mutation: You are mostly covered in sharp spines.
                  | [demonic ancestry]
  1960 | D:3      | Reached XP level 6. HP: 30/47 MP: 6/6
  2651 | D:4      | Noticed Sigmund
  2672 | D:4      | Killed Sigmund
  2730 | D:4      | Gained mutation: You sometimes gain power by taking damage.
                  | [demonic ancestry]
  2730 | D:4      | Reached XP level 7. HP: 23/52 MP: 7/7
  3197 | D:4      | Found a staircase to the Ecumenical Temple.
  3206 | Temple   | Entered the Ecumenical Temple
  3439 | D:5      | Entered Level 5 of the Dungeon
  3923 | D:5      | Reached skill level 5 in Axes
  4142 | D:5      | Found a large runed translucent door.
  4146 | D:5      | Reached skill level 4 in Fighting
  4235 | D:5      | Found a large runed translucent door.
  4239 | D:5      | Noticed thromnambular's ghost (novice OgHW)
  4254 | D:5      | Killed thromnambular's ghost
  4255 | D:5      | Reached skill level 6 in Fighting
  4255 | D:5      | Reached XP level 8. HP: 65/65 MP: 8/8
  4635 | D:6      | Reached *** piety under Trog
  4636 | D:6      | Reached skill level 7 in Fighting
  5016 | D:6      | Found a basalt altar of Yredelemnul.
  5047 | D:6      | Reached skill level 8 in Fighting
  5210 | D:6      | Reached XP level 9. HP: 71/75 MP: 9/9
  5407 | D:7      | Reached skill level 1 in Long Blades
  5425 | D:7      | Found a shadowy altar of Dithmenos.
  5504 | D:7      | Noticed a kobold demonologist
  5507 | D:7      | Noticed a kobold demonologist
  5508 | D:7      | Noticed a kobold demonologist
  5508 | D:7      | Noticed a kobold demonologist
  5509 | D:7      | Noticed a kobold demonologist
  5509 | D:7      | Killed a kobold demonologist
  5511 | D:7      | Noticed an ice devil
  5511 | D:7      | Noticed a kobold demonologist
  5511 | D:7      | Noticed a kobold demonologist
  5512 | D:7      | Noticed a kobold demonologist
  5514 | D:7      | Killed a kobold demonologist
  5516 | D:7      | Noticed a sixfirhy
  5520 | D:7      | Killed a kobold demonologist
  5521 | D:7      | Reached skill level 5 in Long Blades
  5523 | D:7      | Killed a kobold demonologist
  5524 | D:7      | Killed a kobold demonologist
  5526 | D:7      | HP: 4/112 [sixfirhy[a kobold demonologist] (11)]
  5526 | D:7      | Mangled by a sixfirhy

Illustrated notes

Levels and vault maps discovered:
D:1:      dpeg_arrival_stonehenge_12_columns, layout_basic, serial_rivers,
          chequers_serial_rivers_micro_a, chequers_serial_rivers_large_a,
          chequers_serial_rivers_micro_a, chequers_serial_rivers_room_a,
          chequers_serial_rivers_small_3, chequers_serial_rivers_micro_d
D:2:      layout_basic, dreamdust_princess_corridor,
          minmay_randomly_rotated_circles
D:3:      layout_loops_ring, gammafunk_temple_overflow_pools, serial_glass,
          glass_columns_c, glass_columns_c,
          nicolae_concentric_dashed_squares_wild, uniq_grinder, uniq_jessica
D:4:      layout_rooms, minmay_temple_entry_poolview, serial_curves,
          eino_curves_01, eino_curves_01, eino_curves_04, uniq_sigmund
D:5:      layout_rooms, ebering_ghost_disaster_area
D:6:      layout_loops_ring, mainiacjoe_overflow_alcove_2, minmay_curled_crystal
D:7:      layout_rooms, nicolae_dithmenos_shadow_blocks, serial_shops, shop,
          dilly_guarded_unrand_throatcut, uniq_crazy_yiuf_cottage, uniq_duvessa
Temple:   nicolae_temple_slightly_damp_pantheon

Skill      XL: |  1  2  3  4  5  6  7  8  9 |
---------------+----------------------------+-----
Dodging        | 2 3 4 |  4.0
Armour         | 2 3 4 |  4.2
Unarmed Combat | 3 |  3.5
Axes           | 2 4 5 |  5.0
Fighting       | 6 8 |  8.5
Long Blades    | 7 |  7.2
Stealth        | |  0.1

Action                     |  1- 3 |  4- 6 |  7- 9 || total
---------------------------+-------+-------+-------++-------
  Melee: Unarmed           |    61 |    10 |       ||    71
         Punch             |     2 |       |     6 ||     8
         War axe           |       |    36 |   106 ||   142
         Great sword       |       |       |    31 ||    31
 Invoke: Berserk           |       |     1 |     1 ||     2
         Trog's Hand       |       |     1 |       ||     1
    Use: Scroll            |     5 |     1 |     4 ||    10
         Potion            |       |     2 |     2 ||     4
   Stab: Sleeping          |     1 |       |       ||     1
 Armour: Animal skin       |     7 |       |       ||     7
         Leather armour    |     6 |     1 |       ||     7
         Plate armour      |       |    15 |    96 ||   111
  Dodge: Dodged            |    24 |    16 |    53 ||    93
